 Dungeon Crawl Stone Soup version 0.20.0-10-g0535bb4 (webtiles) character file.

4797 Gargoyl the Cleaver (level 10, 0/84 HPs)
             Began as a Grey Draconian Abyssal Knight on June 5, 2017.
             Was a Priest of Lugonu.
             Slain by a wyvern (16 damage)
             ... on level 1 of the Lair of Beasts.
             The game lasted 00:19:16 (7602 turns).

Gargoyl the Cleaver (Grey Draconian Abyssal Knight) Turns: 7602, Time: 00:19:16

Health: 0/84       AC: 13    Str: 12      XL:     10   Next: 24%
Magic:  15/15      EV: 11    Int: 12      God:    Lugonu [***...]
Gold:   40         SH: 10    Dex: 12 (13) Spells: 9/9 levels left

rFire    + . .     SeeInvis .   a - +6 hand axe
rCold    x . .     Gourm    .   z - +0 large shield
rNeg     . . .     Faith    .   (armour unavailable)
rPois    .         Spirit   .   d - +1 hat
rElec    .         Reflect  .   u - scarf {cloud immunity}
rCorr    +         Harm     .   (no gloves)
MR       .....                  (no boots)
Stlth    +.........             h - amulet of regeneration
Regen    0.7/turn               k - ring of resist corrosion
MPRegen  0.2/turn               q - ring of fire

@: very slightly contaminated
A: walk through water, unfitting armour, blink, dopey 1, weak 1, unbreathing,
cold-blooded, AC +12
a: Blink, Depart the Abyss, Bend Space, Banish, Renounce Religion


You were on level 1 of the Lair of Beasts.
You worshipped Lugonu.
Lugonu was most pleased with you.
You were hungry.

You visited 2 branches of the dungeon, and saw 9 of its levels.
You visited the Abyss 1 time.
You also visited: Volcano.

You collected 265 gold pieces.
You spent 225 gold pieces at shops.

Inventory:

Hand Weapons
 a - a +6 hand axe (weapon)
Missiles
 r - 57 arrows
 w - 6 tomahawks (quivered)
Armour
 d - a +1 hat (worn)
 u - a scarf of cloud immunity (worn)
 z - a +0 large shield (worn)
 D - a +0 cloak
Jewellery
 h - an amulet of regeneration (around neck)
 k - a ring of resist corrosion (left hand)
 q - a ring of fire (right hand)
Wands
 l - a wand of iceblast (8/15)
 m - a wand of lightning (4/15)
Scrolls
 f - a scroll of fear {unknown}
 g - 3 scrolls of magic mapping
 i - 3 scrolls of remove curse
 j - 3 scrolls of recharging
 s - 3 scrolls of identify
 v - 4 scrolls of teleportation
 x - a scroll of amnesia
 F - 2 scrolls of fog
Potions
 c - 2 potions of curing
 e - 3 potions of heal wounds
 p - a potion of flight {unknown}
 A - a potion of brilliance
Books
 y - a book of Minor Magic

   Spells                             Type                      Level
   a - Magic Dart                     Conjuration                  1
   b - Blink                          Translocation                2
   c - Call Imp                       Summoning                    2
   d - Slow                           Hexes                        2
   e - Conjure Flame                  Conjuration/Fire             3
   f - Mephitic Cloud                 Conjuration/Poison/Air       3
Comestibles
 b - 4 bread rations
 o - 2 meat rations
 C - 2 fruits


   Skills:
 + Level 6.7 Fighting
 + Level 9.0 Axes
 + Level 1.5 Throwing
 * Level 8.4 Dodging
 + Level 0.2 Shields
 * Level 7.3 Invocations


You had 9 spell levels left.
You didn't know any spells.

Dungeon Overview and Level Annotations

Branches:
Dungeon (8/15)             Temple (0/1) D:7            Lair (1/6) D:8

Altars:
Ashenzari
Cheibriados
Dithmenos
Gozag
Kikubaaqudgha
Okawaru
Qazlal
Trog
Vehumet
Zin
The Shining One

Shops:
D:6 :   D:7 *


Innate Abilities, Weirdness & Mutations

You can walk through water.
Your dull iron-grey scales are very hard. (AC +12)
You cannot fit into any form of body armour.
You can survive without breathing.
You are cold-blooded and may be slowed by cold attacks.
You can translocate small distances at will.
You are dopey. (Int -2)
You are weak. (Str -2)


Message History

You block the two-headed ogre's attack.
The wyvern bites you but does no damage.
Blink to where?
Press: ? - help, Dir - move target cursor You are very lightly contaminated with residual magic.
As you read the scroll of blinking, it crumbles to dust.
There is a rock-blocked tunnel here.
You block the wyvern's attack.
There is a rocky tunnel leading out of this place here.
You block the wyvern's attack.
Welcome back to the Lair of Beasts!
There is a collapsed entrance here.
You hit the wyvern.
The wyvern is almost dead.
You block the wyvern's attack. x2
You hit the wyvern.
You tail-slap the wyvern, but do no damage.
The wyvern is almost dead.
The wyvern bites you!
You die...

### #######@##
###.#.##.l.##
###.##..##....#
###.......#.....#
#.........##...P#
##........##....#
#..............##
##..............#
#
##.............#


You could see a wyvern.

Vanquished Creatures
  Pikel (D:8)
  A hippogriff (D:6)
  Eustachio (D:5)
  3 fire bats (Volcano)
  A hungry ghost (D:7)
  2 porcupines (D:8)
  2 water moccasins
  A sky beast (D:8)
  An orc warrior (D:8)
  A slave (D:8)
  An ogre (D:8)
  A black bear (D:7)
  2 centaurs
  A crocodile (Volcano)
  Blork the orc (D:5)
  5 bullfrogs
  3 scorpions
  5 killer bees (D:7)
  2 howler monkeys
  3 crimson imps
  A centaur zombie (D:8)
  2 jellies
  7 orc priests
  A gnoll shaman (D:8)
  8 orc wizards
  2 bullfrog skeletons (D:6)
  Ijyb (D:3)
  5 iguanas
  5 worker ants
  A killer bee zombie (D:8)
  A howler monkey skeleton (D:7)
  2 worker ant zombies
  6 gnolls (D:8)
  12 adders
  3 shadow imps
  2 oozes
  An adder skeleton (D:7)
  A worm (D:5)
  A dart slug (D:1)
  2 leopard geckos (D:5)
  22 orcs
  2 ball pythons
  8 bats
  4 giant cockroaches
  12 goblins
  10 hobgoblins
  2 jackals (D:5)
  9 kobolds
  6 quokkas
  A ball python zombie (D:5)
  A frilled lizard (D:3)
  A leopard gecko zombie (D:8)
  3 rats
  A plant (D:8)
184 creatures vanquished.

Vanquished Creatures (others)
  A redback zombie (D:8)
  A hungry ghost (D:8)
  An orc warrior (D:8)
  A porcupine (D:8)
  A black bear (D:8)
  2 slaves (D:8)
  A goblin (D:3)
  3 plants (Volcano)
11 creatures vanquished.

Grand Total: 195 creatures vanquished

Notes
Turn   | Place    | Note
-------+----------+-------------------------------------------
     0 | Abyss:1  | Gargoyl the Draconian Abyssal Knight began the quest for the Orb.
     0 | Abyss:1  | Reached XP level 1. HP: 19/19 MP: 2/2
    48 | Abyss:2  | Noticed a wretched star
    49 | D:1      | Escaped the Abyss
    86 | D:1      | Reached * piety under Lugonu
    93 | D:1      | Reached XP level 2. HP: 23/27 MP: 3/3
   671 | D:2      | Reached XP level 3. HP: 24/33 MP: 4/4
   823 | D:2      | Found a snail-covered altar of Cheibriados.
   823 | D:2      | Found a glowing silver altar of Zin.
   823 | D:2      | Found a glowing golden altar of the Shining One.
   824 | D:2      | Found a shattered altar of Ashenzari.
   827 | D:2      | Found a shadowy altar of Dithmenos.
   827 | D:2      | Found an iron altar of Okawaru.
   839 | D:2      | Found an opulent altar of Gozag.
   945 | D:2      | Reached XP level 4. HP: 40/40 MP: 4/6
   958 | D:2      | Noticed a water elemental
  1162 | D:2      | Noticed a fire elemental
  1164 | D:2      | Found a stormy altar of Qazlal.
  1165 | D:2      | Noticed an air elemental
  1165 | D:2      | Noticed an earth elemental
  1380 | D:3      | Reached ** piety under Lugonu
  1661 | D:3      | Noticed Ijyb
  1683 | D:3      | Killed Ijyb
  1683 | D:3      | Reached XP level 5. HP: 29/47 MP: 7/7
  1885 | D:3      | Reached skill level 3 in Axes
  1917 | D:3      | Reached XP level 6. HP: 41/53 MP: 8/8
  2320 | D:4      | Reached skill level 4 in Axes
  2895 | D:5      | Entered Level 5 of the Dungeon
  3032 | D:5      | Your scales start taking on a dull iron-grey colour.
  3032 | D:5      | Reached XP level 7. HP: 45/60 MP: 9/9
  3032 | D:5      | Gained mutation: You can survive without breathing. [Grey Draconian growth]
  3244 | D:5      | Reached skill level 5 in Axes
  3273 | D:5      | Noticed Eustachio
  3308 | D:5      | Killed Eustachio
  3335 | D:5      | Reached skill level 5 in Fighting
  3357 | D:5      | Noticed Blork the orc
  3458 | D:5      | Killed Blork the orc
  3937 | D:5      | Reached *** piety under Lugonu
  3955 | D:6      | Reached XP level 8. HP: 60/68 MP: 11/11
  3959 | D:6      | Reached skill level 5 in Dodging
  4163 | D:6      | Reached skill level 5 in Invocations
  4306 | D:6      | Reached skill level 6 in Axes
  4307 | D:6      | Found Ushaqunt's Book Boutique.
  4518 | D:6      | Noticed a hippogriff
  4533 | D:6      | Killed a hippogriff
  4930 | D:6      | Found a bloodstained altar of Trog.
  5042 | D:7      | Reached skill level 1 in Throwing
  5239 | D:7      | Found Dybbili's Assorted Antiques.
  5247 | D:7      | Bought a scroll of enchant weapon for 225 gold pieces
  5495 | D:7      | Found a staircase to the Ecumenical Temple.
  5508 | D:7      | Reached skill level 7 in Axes
  5508 | D:7      | Reached XP level 9. HP: 70/75 MP: 13/13
  6173 | D:8      | Reached **** piety under Lugonu
  6213 | D:8      | Found an ancient bone altar of Kikubaaqudgha.
  6254 | D:8      | Gained mutation: You are weak. (Str -2) [mutagenic meat]
  6255 | D:8      | Gained mutation: You can translocate small distances at will. [mutagenic meat]
  6256 | D:8      | Gained mutation: You are dopey. (Int -2) [mutagenic meat]
  6307 | D:8      | Noticed Pikel
  6315 | D:8      | Killed Pikel
  6315 | D:8      | Reached skill level 8 in Axes
  6677 | D:8      | Found a radiant altar of Vehumet.
  6892 | D:8      | Found a staircase to the Lair.
  6898 | D:8      | Reached XP level 10. HP: 79/84 MP: 13/15
  7400 | Lair:1   | Entered Level 1 of the Lair of Beasts
  7430 | Lair:1   | Found a dark tunnel.
  7491 | Volcano  | Entered a volcano
  7568 | Volcano  | Noticed a salamander
  7568 | Volcano  | Noticed a two-headed ogre
  7579 | Volcano  | Noticed a two-headed ogre
  7580 | Volcano  | Reached skill level 9 in Axes
  7602 | Lair:1   | Slain by a wyvern

Skill      XL: |  1  2  3  4  5  6  7  8  9 10 |
---------------+-------------------------------+-----
Fighting       | 4 5 6 |  6.7
Dodging        | 3 4 6 8 |  8.4
Invocations    | 3 4 5 6 7 |  7.3
Axes           | 3 4 5 7 8 9 |  9.0
Throwing       | 1 |  1.5
Shields        | |  0.2

Action                   |  1- 3 |  4- 6 |  7- 9 | 10-12 || total
-------------------------+-------+-------+-------+-------++-------
Melee: Hand axe          |    92 |   175 |   412 |    71 ||   750
       Tailslap          |     4 |    17 |    55 |     6 ||    82
Throw: Tomahawk          |       |     2 |    17 |       ||    19
Invok: Depart the Abyss  |     1 |       |       |       ||     1
       Banish            |       |       |     3 |     2 ||     5
  Use: Scroll            |     5 |     9 |     3 |     1 ||    18
       Potion            |       |     1 |     7 |       ||     8
 Stab: Sleeping          |     1 |       |     1 |       ||     2
  Eat: Chunk             |       |     7 |    13 |     2 ||    22
       Meat ration       |       |       |     1 |       ||     1
       Royal jelly       |       |       |     2 |       ||     2
       Bread ration      |       |       |     1 |       ||     1
Armor: Skin              |    32 |    56 |   175 |    31 ||   294
Dodge: Dodged            |    58 |   156 |   366 |    24 ||   604
Block: Large shield      |       |       |       |    47 ||    47
